 Dungeon Crawl Stone Soup version 0.32-a0-131-g9dbbe29261 (webtiles) character file.

Game seed: 5331322933866403414

67 Dittersdorf the Covered (level 4, -12/29 HPs)
             Began as a Gargoyle Fighter on Feb 8, 2024.
             Killed from afar by Ijyb (17 damage)
             ... with a bolt of acid
             ... on level 3 of the Dungeon.
             The game lasted 00:01:13 (1269 turns).

Dittersdorf the Covered (Gargoyle Fighter)          Turns: 1269, Time: 00:01:14

Health: -12/29     AC:  7    Str: 21    XL:     4   Next: 18%
Magic:  4/4        EV:  9    Int:  9    God:
Gold:   95         SH:  9    Dex:  9    Spells: 3/3 levels left

rFire   . . .        a - +0 flail
rCold   . . .        c - +0 buckler
rNeg    + . .        b - +0 scale mail
rPois   ∞            (no helmet)
rElec   +            (no cloak)
rCorr   .            l - +0 pair of gloves
SInv    .            (no boots)
Will    +....        e - amulet of reflection Stlth
                     n - ring of willpower
HPRegen 0.24/turn    (no ring)
MPRegen 0.09/turn

%: reflection
@: corroded
A: sickness immunity, AC +3, negative energy resistance 1, electricity
resistance, torment resistance 1, petrification resistance
a: no special abilities


You were on level 3 of the Dungeon.
You visited 1 branch of the dungeon, and saw 3 of its levels.

You collected 95 gold pieces.

Inventory:

Hand Weapons
 a - a +0 flail (weapon)
Missiles
 h - a throwing net (quivered)
Armour
 b - a +0 scale mail (worn)
 c - a +0 buckler (worn)
 l - a +0 pair of gloves (worn)
Jewellery
 e - an amulet of reflection (around neck)
 n - a ring of willpower (left hand)
Scrolls
 f - 2 scrolls of fog {unknown}
 g - 5 scrolls of identify {unknown}
 i - 2 scrolls of enchant weapon {unknown}
 j - a scroll of noise {unknown}
 p - a scroll of vulnerability {unknown}
Potions
 d - 2 potions of might
 k - a potion of curing {unknown}
 m - 2 potions of degeneration {unknown}
 o - a potion of enlightenment {unknown}


   Skills:
 + Level 3.9 Fighting
 + Level 2.7 Maces & Flails
 + Level 3.9 Armour
 + Level 3.9 Shields


You had 3 spell levels left.
You didn't know any spells.
Your spell library contained the following spells:

 Spells                   Type           Power      Damage    Failure   Level
 Fugue of the Fallen      Necr           0%         N/A       98%         3
 Ozocubu's Armour         Ice            0%         N/A       98%         3
 Manifold Assault         Tloc           0%         N/A       100%        4
 Iskenderun's Battlesphe  Conj           0%         2d6       100%        5
 Bombard                  Conj/Erth      0%         9d1       100%        6
 Spellforged Servitor     Conj/Summ      0%         N/A       100%        7


Dungeon Overview and Level Annotations

Branches:
Dungeon (3/15)

Altars:

Annotations:
D:3 Ijyb


Innate Abilities, Weirdness & Mutations

You are immune to sickness and miasma.
Your stone body is resilient. (AC +3)
You are immune to poison.
You resist negative energy. (rN+)
You are resistant to electric shocks. (rElec)
You are resistant to unholy torment.
You are immune to petrification.


Message History

You hit the frilled lizard but do no damage.
You block the frilled lizard's attack.
A kobold comes into view. It is wielding a +0 dagger.
The frilled lizard bites you.
Ijyb zaps a wand.
The bolt of acid hits the frilled lizard!
The frilled lizard dies!
The bolt of acid hits you!!
Ouch! That really hurt!
* * * LOW HITPOINT WARNING * * *
The acid corrodes you!
The endoplasm jiggles.
You are too injured to fight recklessly!
You are too injured to fight recklessly!
You are too injured to fight recklessly!
You are too injured to fight recklessly!
You are too injured to fight recklessly!
You are too injured to fight recklessly!
You are too injured to fight recklessly!
You are too injured to fight recklessly!
You are too injured to fight recklessly!
You are too injured to fight recklessly!
You are too injured to fight recklessly!
You are too injured to fight recklessly!
You are too injured to fight recklessly!
You are too injured to fight recklessly!
You are too injured to fight recklessly!
You are too injured to fight recklessly!
An orc comes into view. It is wielding a +0 trident.
The orc shouts!
You hear a shout!
The endoplasm freezes you.
You are frozen.
* * * LOW HITPOINT WARNING * * *
The orc moves out of view.
The endoplasm attacks as it pursues you!
You block the endoplasm's attack. The kobold barely misses you.
Ijyb zaps a wand.
The bolt of acid hits the endoplasm.
The endoplasm completely resists.
The bolt of acid hits you!
Ouch! That really hurt!
You die...
Ijyb screams, "Good help so hard to find!"

..!....# ###
.......+ ..#
.......####.#
......##.#.#
.......#.#
#.##....#
####.##.†.....#
...K..†og.J@..##
....##..o.K.#..# .
##..#..#<##
....o....†.<......
...................
......###.#.....###
....$.. ..#.......
.......##.#.##.#.##
####+# ..... ...#


You could see Ijyb, 3 orcs, an endoplasm and a kobold.

Vanquished Creatures
  An adder (D:2)
  3 dart slugs
  2 ribbon worms (D:2)
  A ball python (D:3)
  3 bats
  3 endoplasms
  2 giant cockroaches (D:1)
  5 goblins
  3 hobgoblins
  4 jackals (D:1)
  6 kobolds
  A quokka (D:3)
  3 frilled lizards
  7 rats
44 creatures vanquished.

Vanquished Creatures (others)
  A frilled lizard (D:3)
1 creature vanquished.

Grand Total: 45 creatures vanquished

Notes
Turn   | Place    | Note
-------+----------+-------------------------------------------
     0 | D:1      | Dittersdorf the Gargoyle Fighter began the quest for the
                  | Orb.
     0 | D:1      | Reached XP level 1. HP: 14/14 MP: 1/1
   224 | D:1      | Reached XP level 2. HP: 14/19 MP: 2/2
   344 | D:1      | Reached XP level 3. HP: 23/23 MP: 3/3
  1196 | D:2      | Reached XP level 4. HP: 29/29 MP: 4/4
  1261 | D:3      | Noticed Ijyb
  1269 | D:3      | Killed from afar by Ijyb

Illustrated notes

Levels and vault maps discovered:
D:1:      lemuel_arrival_broad_hall, layout_basic
D:2:      layout_basic, lexackson_kobold_supper
D:3:      layout_basic, nicolae_ru_the_path_less_chosen, uniq_ijyb

Action                     |  1- 3 |  4- 6 || total
---------------------------+-------+-------++-------
  Melee: Flail             |   138 |    16 ||   154
 Armour: Scale mail        |   113 |    11 ||   124
  Dodge: Dodged            |    82 |     5 ||    87
  Block: Buckler           |    46 |     6 ||    52

Table legend: (Time is in decaauts)
 A = Elapsed time spent in this place.
 B = Non-inter-level travel time spent in this place.
 C = Inter-level travel time spent in this place.
 D = Time resting spent in this place.
 E = Time spent auto-exploring this place.
 F = Levels seen in this place.
 G = Mean time per level.
                   A        B        C        D        E       F      G
               +--------+--------+--------+--------+--------+-----+--------+
         Total |   1316 |   1265 |     51 |      0 |    919 |   3 |  438.7 |
       Dungeon |   1316 |   1265 |     51 |      0 |    919 |   3 |  438.7 |
               +--------+--------+--------+--------+--------+-----+--------+

Top non-repeatable levels by time:
     D:2: 658 daAuts
     D:1: 614 daAuts
     D:3: 42 daAuts
